 Dungeon Crawl Stone Soup version 0.27.1-4-g1640c2035a (webtiles) character file.

Game seed: 17995485083057235283

46 Descartes the Magician (level 3, 0/19 HPs)
             Began as a Deep Elf Wanderer on Nov 17, 2021.
             Slain by a jackal (2 damage)
             ... on level 2 of the Dungeon.
             The game lasted 00:06:22 (1432 turns).

Descartes the Magician (Deep Elf Wanderer)          Turns: 1432, Time: 00:06:23

Health: 0/19       AC:  2    Str: 11    XL:     3   Next: 44%
Magic:  12/13      EV: 12    Int: 16    God:
Gold:   77         SH:  0    Dex: 13    Spells: 10/16 levels left

rFire    . . .     SeeInvis +   d - +2 short sword (speed)
rCold    . . .     Faith    .   (no shield)
rNeg     . . .     Spirit   .   b - +0 robe
rPois    .         Reflect  .   (no helmet)
rElec    .         Harm     .   (no cloak)
rCorr    .         Rampage  .   (no gloves)
Will     .....                  (no boots)
Stlth    +.........             (no amulet)
HPRegen  0.06/turn              j - ring of see invisible
MPRegen  0.13/turn              (no ring)

@: lethally poisoned (0 -> -1)
A: no striking features
a: no special abilities


You were on level 2 of the Dungeon.
You visited 1 branch of the dungeon, and saw 2 of its levels.

You collected 77 gold pieces.

Inventory:

Hand Weapons
 a - a +0 dagger
 d - a +2 short sword of speed (weapon)
Missiles
 h - a throwing net
 i - 49 stones
 l - 5 arrows
Armour
 b - a +0 robe (worn)
Jewellery
 j - a ring of see invisible (left hand)
Scrolls
 e - 2 scrolls of identify {unknown}
 f - a scroll of vulnerability {unknown}
 g - a scroll of immolation {unknown}
 k - a scroll of enchant armour {unknown}
Potions
 c - 2 potions of curing


   Skills:
 + Level 1.2 Short Blades
 - Level 2.0 Throwing
 + Level 1.3 Dodging
 - Level 7.2 Spellcasting
 + Level 0.2 Conjurations
 - Level 1.3 Hexes
 + Level 2.9 Translocations
 - Level 1.1 Transmutations


You had 10 spell levels left.
You knew the following spells:

 Your Spells              Type           Power      Damage    Failure   Level
a - Animate Skeleton      Necr           10%        N/A       12%         1
b - Blink                 Tloc           N/A        N/A       5%          2
c - Gell's Gravitas       Tloc           7%         N/A       11%         3

Your spell library contained the following spells:

 Spells                   Type           Power      Damage    Failure   Level
 Lesser Beckoning         Tloc           7%         N/A       11%         3
 Teleport Other           Tloc           15%        N/A       11%         3
 Vampiric Draining        Necr           2%         2d6       36%         3
 Manifold Assault         Tloc           15%        N/A       69%         5


Dungeon Overview and Level Annotations

Branches:
Dungeon (2/15)

Altars:


Message History

You puncture the adder!
The adder is severely wounded.
The jackal closely misses you. The adder closely misses you.
You hit the adder but do no damage.
The adder is severely wounded.
The adder bites you.
You hit the adder but do no damage.
The adder is severely wounded.
The adder bites you.
You are poisoned.
The adder poisons you!
You barely miss the adder.
The adder is severely wounded.
You feel sick. The adder closely misses you.
A jackal comes into view.
You are too injured to fight recklessly!
You are too injured to fight recklessly!
The jackal barks!
You hit the adder.
You kill the adder!
You feel sick.
Casting: Animate Skeleton (safe; 12% risk of failure)
Confirm with . or Enter, or press ? or * to list all spells.
You attempt to give life to the dead...
Before your eyes, flesh is ripped from the corpse!
The dead are slithering!
You feel sick. The jackal bites you.
You feel sick.
Your adder skeleton bites the jackal.
You feel sick. The jackal bites your adder skeleton.
You barely miss the jackal.
The jackal is moderately wounded.
The jackal completely misses you.
Your adder skeleton barely misses the jackal.
The jackal bites your adder skeleton.
You hit the jackal.
The jackal is almost dead.
You feel sick. The jackal bites you.
* * * LOW HITPOINT WARNING * * *
The jackal bites your adder skeleton. The jackal bites you.
You die...

....##.#....................
#.....#............###....<
#....####.........##.....
#....####................
##.#.....................
#....###.........##.....
##....##.....<..........
#.....##........##.....
#...###.@##........#.....
...#. ##hh..######..#####
..#..# #Z#.## .. . ##.
#h#... .. ...............
####..#..###### #...... #.
.#.## #.## .>


You could see 3 jackals and a friendly adder skeleton.

Vanquished Creatures
  An adder (D:2)
  7 endoplasms (D:1)
  7 goblins
  3 hobgoblins (D:1)
  4 jackals (D:1)
  A quokka (D:1)
  A ball python (D:1)
  2 bats (D:1)
  3 frilled lizards (D:1)
  2 kobolds (D:1)
  2 rats (D:1)
33 creatures vanquished.

Notes
Turn   | Place    | Note
-------+----------+-------------------------------------------
     0 | D:1      | Descartes the Deep Elf Wanderer began the quest for the
                  | Orb.
     0 | D:1      | Descartes set off with the following items: a +0 dagger, a
                  | +0 robe, a potion of curing; and the following spell
                  | memorised: Animate Skeleton; and the following spells
                  | available to memorise: Blink, Gell's Gravitas, Lesser
                  | Beckoning, Teleport Other, Vampiric Draining, Manifold
                  | Assault
     0 | D:1      | Reached XP level 1. HP: 10/10 MP: 10/10
   105 | D:1      | Found a faded altar of an unknown god.
   112 | D:1      | Reached XP level 2. HP: 7/15 MP: 12/12
   298 | D:1      | Learned a level 2 spell: Blink
   811 | D:1      | Reached skill level 1 in Dodging
   971 | D:1      | Reached XP level 3. HP: 19/19 MP: 13/13
   979 | D:1      | Reached skill level 1 in Short Blades
  1068 | D:1      | Learned a level 3 spell: Gell's Gravitas
  1432 | D:2      | Slain by a jackal

Illustrated notes

Levels and vault maps discovered:
D:1:      heliophobic_arrival_glass_houses, layout_rooms,
          shapermc_ecumenical_altar_starsandcircs
D:2:      layout_rooms, serial_shops, shop, palyth_stone_intersect

Skill      XL: |  1  2  3 |
---------------+----------+-----
Translocations | 2 |  2.9
Dodging        | 1 |  1.3
Short Blades   | 1 |  1.2
Throwing       | |  2.0
Spellcasting   | |  7.2
Conjurations   | |  0.2
Hexes          | |  1.3
Transmutations | |  1.1

Action                   || total
-------------------------++-------
Melee: Short sword       ||    97
 Cast: Animate Skeleton  ||     1
 Stab: Sleeping          ||     2
Armor: Robe              ||     8
Dodge: Dodged            ||    38
